[Event "Early-Titled-Tuesday-Blitz-April-23-2024"]
[Site "Chess.com"]
[Date "2024.04.23"]
[Round "7"]
[White "average_trans"]
[Black "Raskolnikov6"]
[Result "0-1"]
[WhiteElo "2204"]
[BlackElo "2393"]
[TimeControl "180+1"]
[EndTime "9:20:33 PDT"]
[Termination "Raskolnikov6 won by checkmate"]

1. d4 Nf6 2. Bf4 g6 3. e3 Bg7 4. c4 O-O 5. h3 d6 6. Nc3 Nbd7 7. Nf3 Re8 8. Bh2 b6 9. Bd3 Bb7 10. Qe2 e5 11. dxe5 dxe5 12. e4 Nh5 13. O-O-O Nf4 14.
Qf1 Qe7 15. g3 Nxd3+ 16. Qxd3 Nc5 17. Qc2 c6 18. Ne1 Ne6 19. Ne2 Nd4 20. Nxd4 exd4 21. Nd3 Qxe4 22. f4 c5 23. Rhe1 Qg2 24. Ne5 Qxh3 25.
g4 Bxe5 26. fxe5 Qxg4 27. Qd2 Qe6 28. Rf1 Qxc4+ 29. Kb1 Be4+ 30. Ka1 Bd5 31. b3 Qa6 32. Kb2 Be6 33. Qh6 Qe2+ 34. Ka1 Bf5 35. Bf4 Rxe5 36. Bxe5 Qxe5 37. Qd2 d3+ 38. Kb1 Qd4 39. Rfe1 Rd8 40. Re3 b5 41. Rde1 c4 42. bxc4 bxc4 43. Re8+ Rxe8 44.
Rxe8+ Kg7 45. Kc1 c3 46. Qg5 d2+ 47. Kd1 c2+ 48. Ke2 d1=Q# 0-1

[Event "Early-Titled-Tuesday-Blitz-April-23-2024"]
[Site "Chess.com"]
[Date "2024.04.23"]
[Round "7"]
[White "ViktoriyaTarasova"]
[Black "VirtualCoach"]
[Result "1-0"]
[WhiteElo "2363"]
[BlackElo "2012"]
[TimeControl "180+1"]
[EndTime "9:20:34 PDT"]
[Termination "ViktoriyaTarasova won by checkmate"]

1. d4 Nf6 2. c4 e6 3. Nc3 Bb4 4. e3 d5 5. cxd5 exd5 6. Bd3 O-O 7. Ne2 Nbd7 8. O-O Re8 9. Nf4 Nf8 10. f3 Ng6 11. Nce2 Bd6 12. Nxg6 hxg6 13. Bd2 c5 14.
Rc1 Qb6 15. b3 Bd7 16. Qe1 a5 17. Qf2 Rac8 18. h3 Bb5 19. Bxb5 Qxb5 20. Nc3 Qd7 21. Na4 cxd4 22. Nb6 dxe3 23. Bxe3 Rxc1 24. Nxd7 Rxf1+ 25. Kxf1 Nxd7 26. Bd4 Bb4 27. Qc2 Nc5 28. Kf2 b6 29. g4 Rb8 30. Kg2 Rc8 31. Qe2 Ne6 32. Bxb6 d4 33. Qa6 Rc2+ 34. Kf1 Rc1+ 35. Ke2 Rc2+ 36. Kd1 Rd2+ 37. Kc1 d3 38. Bxa5 Rc2+ 39. Kd1 Bc5 40. Bd2 Nd4 41. Qxd3 Rxa2 42. b4 Ra1+ 43. Bc1 Bb6 44.
Kd2 Ra2+ 45. Kd1 Ra1 46. f4 f6 47. Qxg6 Nb3 48. Qe8+ Kh7 49. Qe4+ g6 50. Qe7+ Kh6 51. g5+ Kh5 52. Qh7# 1-0

[Event "Early-Titled-Tuesday-Blitz-April-23-2024"]
[Site "Chess.com"]
[Date "2024.04.23"]
[Round "7"]
[White "manmanlai1"]
[Black "Shiner22"]
[Result "1-0"]
[WhiteElo "2515"]
[BlackElo "2316"]
[TimeControl "180+1"]
[EndTime "9:20:35 PDT"]
[Termination "manmanlai1 won by resignation"]

1. e4 c5 2. Nf3 Nc6 3. d4 cxd4 4. Nxd4 e5 5. Nb5 a6 6. Nd6+ Bxd6 7. Qxd6 Qf6 8. Qc7 Nge7 9. Nc3 Nb4 10. Bd3 d5 11.
O-O O-O 12. exd5 Nexd5 13. Nxd5 Nxd5 14. Qa5 Be6 15. Re1 b6 16. Qa4 b5 17. Qe4 g6 18. Qxe5 Qxe5 19. Rxe5 Rac8 20. a3 Rfe8 21. Bh6 f6 22. Ree1 g5 23. g3 Kf7 24. h4 gxh4 25. gxh4 Rg8+ 26. Kf1 Rg4 27. Ke2 Rxh4 28. Rh1 Rxh1 29.
Rxh1 f5 30. Rg1 Rg8 31. Rxg8 Kxg8 32. Kf3 Kf7 33. c4 Kg6 34. Bd2 Nc7 35. cxb5 Nxb5 36.
Be3 h5 37. a4 Nc7 38. Bf4 Bd5+ 39. Ke3 Ne6 40. Bxa6 Nxf4 41. Kxf4 h4 42. Bf1 Kf6 43. Bh3 Be4 44. b4 Bc2 45. a5 Bd3 46. Bg2 Ke6 47. Kg5 h3 48. Bxh3 Kd5 49. Bxf5 Ba6 50. Bh3 Ke4 51.
f4 Bd3 52. Bf5+ Kd4 53. Bxd3 1-0

[Event "Early-Titled-Tuesday-Blitz-April-23-2024"]
[Site "Chess.com"]
[Date "2024.04.23"]
[Round "7"]
[White "Polish_fighter3000"]
[Black "Shtembuliak"]
[Result "1/2-1/2"]
[WhiteElo "3104"]
[BlackElo "2888"]
[TimeControl "180+1"]
[EndTime "9:20:36 PDT"]
[Termination "Game drawn by repetition"]

1. e4 e6 2. d4 d5 3. Nc3 Nc6 4. e5 f6 5. Bb5 Bd7 6. Nf3 a6 7. Bxc6 Bxc6 8. O-O Qd7 9. a4 Ne7 10.
b3 Ng6 11. Re1 fxe5 12. Nxe5 Nxe5 13. Rxe5 Bd6 14. Qh5+ g6 15. Qe2 Bxe5 16. Qxe5 O-O 17. Bf4 Rf5 18. Qe3 Raf8 19. Ne2 e5 20. Bg3 e4 21. c4 Qf7 22. c5 g5 23. Rf1 Be8 24.
Nc3 Qe7 25. b4 Bf7 26. h3 h6 27. Ra1 Be6 28. b5 Ra8 29. bxa6 Rxa6 30. Rb1 c6 31. Qe2 Qf7 32. Rb3 Ra8 33. Rb4 Re8 34. Nd1 h5 35.
Ne3 Rf4 36. a5 Bc8 37. Nf1 h4 38. Bxf4 gxf4 39. Nh2 f3 40. gxf3 Bxh3 41. Ng4 Kg7 42. Kh2 Bxg4 43. fxg4 Qf4+ 44. Kh3 Qc1 45. Rxb7+ Kg6 46.
Kg2 h3+ 47. Kh2 Qf4+ 48. Kh1 Qc1+ 49. Kh2 Qf4+ 50. Kh1 Qc1+ 51. Kh2 1/2-1/2

[Event "Early-Titled-Tuesday-Blitz-April-23-2024"]
[Site "Chess.com"]
[Date "2024.04.23"]
[Round "7"]
[White "DumbKing75"]
[Black "L4ncer"]
[Result "1-0"]
[WhiteElo "2646"]
[BlackElo "2366"]
[TimeControl "180+1"]
[EndTime "9:20:37 PDT"]
[Termination "DumbKing75 won on time"]

1. e4 g6 2. d4 Bg7 3. Nf3 d6 4. Be2 Nd7 5. O-O Ngf6 6. Nc3 O-O 7. e5 dxe5 8. dxe5 Ng4 9. e6 fxe6 10. Ng5 Nxf2 11.
Rxf2 Rxf2 12. Kxf2 Qf8+ 13. Kg1 Nc5 14. Be3 b6 15. Bc4 Qf5 16. Qf3 Qxf3 17. gxf3 h6 18. Bxc5 hxg5 19. Bxe7 Bb7 20. Re1 Bxc3 21. bxc3 Bxf3 22.
Rxe6 g4 23. Rxg6+ Kh7 24. Bd3 Re8 25. Rxg4+ Kh6 26. Rg6+ Kh5 27. Rg5+ Kh6 28. Bf6 Re6 29.
Rg6+ Kh5 30. Kf2 Bc6 31. Rg5+ Kh6 32. Rf5 Be4 33. Bxe4 Rxe4 34. Bd4 c5 35. Be3+ Kg6 36. Rf4 Re7 37. c4 Rh7 38. h4 Rd7 39. Rg4+ Kh5 40. Re4 Rd1 41. Re7 a5 42. Rh7+ Kg6 43. Rh6+ Kf5 44. Rxb6 Ra1 45. Rb2 a4 46. Bxc5 Rh1 47. Kg3 Ke4 48. Rb4 Rc1 49. Rxa4 Rxc2 50. Bf2 1-0

[Event "Early-Titled-Tuesday-Blitz-April-23-2024"]
[Site "Chess.com"]
[Date "2024.04.23"]
[Round "7"]
[White "ccccvhhhj"]
[Black "yaguigor"]
[Result "1-0"]
[WhiteElo "2470"]
[BlackElo "2590"]
[TimeControl "180+1"]
[EndTime "9:20:37 PDT"]
[Termination "ccccvhhhj won on time"]

1. e4 e5 2. Nf3 Nc6 3. d4 exd4 4. Nxd4 Bc5 5. Nb3 Bb6 6. Nc3 Nf6 7. Qe2 O-O 8. Be3 Re8 9. f3 d5 10. O-O-O d4 11.
Bg5 Be6 12. Nb5 Bxb3 13. cxb3 Qe7 14. Kb1 Qe5 15. Qd2 a6 16. Na3 Ba5 17. Qc1 Bb4 18.
Nc4 Qe6 19. h4 Nd7 20. g3 Nde5 21. Bh3 f5 22. Bxf5 Qf7 23. Nxe5 Nxe5 24. Rxd4 c5 25. Rd5 g6 26. Bh3 Qxf3 27. Rf1 Qxe4+ 28. Ka1 Nd3 29.
Qc4 Qxc4 30. bxc4 Re1+ 31. Rxe1 Nxe1 32. Be6+ Kg7 33. Bf4 Re8 34. Be5+ Kf8 35. Bd6+ Kg7 36. Be5+ Kf8 37. Bd6+ Kg7 38. Bg4 Nc2+ 39. Kb1 Nd4 40. a3 Re1+ 41. Ka2 Bd2 42. Be5+ Kf7 43. Rxc5 Nc6 44.
Bc3 Be3 45. Rd5 Bb6 46. Rd7+ Ke8 47. Rxb7 1-0

[Event "Early-Titled-Tuesday-Blitz-April-23-2024"]
[Site "Chess.com"]
[Date "2024.04.23"]
[Round "7"]
[White "2Coaches1Profile"]
[Black "Attacker88"]
[Result "1-0"]
[WhiteElo "2561"]
[BlackElo "2386"]
[TimeControl "180+1"]
[EndTime "9:20:37 PDT"]
[Termination "2Coaches1Profile won by resignation"]

1. e4 c5 2. c3 d5 3. exd5 Qxd5 4. d4 Nc6 5. Nf3 Bf5 6. dxc5 Qxd1+ 7. Kxd1 Nf6 8. b4 a5 9. b5 Nd8 10. Nd4 Bd7 11. Be3 Ng4 12. c6 bxc6 13. bxc6 Nxc6 14. Bb5 Nxe3+ 15. fxe3 Rc8 16. Nd2 e5 17. Nxc6 Bxc6 18.
Bxc6+ Rxc6 19. Rb1 Bd6 20. Ne4 O-O 21. Ke2 Bb8 22.
g4 Rc4 23. Kd3 Ra4 24. Nc5 Rd8+ 25. Kc2 Rxa2+ 26. Rb2 Rxb2+ 27. Kxb2 Ba7 28. Ne4 Bxe3 29. Ra1 Bb6 30. Kb3 f6 31. Kc4 Kf7 32. Kb5 Rb8 33. Kc6 Kg6 34. c4 f5 35. gxf5+ Kxf5 36. Nd6+ Kf4 37. c5 Bd8 38. Rf1+ Ke3 39. Re1+ Kf4 40. Re4+ Kf3 41. Rxe5 a4 42. Nc4 Bf6 43. Re3+ Kf4 44. Ra3 Rc8+ 45. Kd5 Be7 46. Nd6 Ra8 47. Ke6 Bf6 48.
c6 Bb2 49. Ra2 a3 50. Nc4 Ra6 51. Kd7 Ke4 52. c7 Ra7 53. Nxb2 axb2 54. Rxb2 Kf4 55. Kc6 Kg4 56. c8=Q+ 1-0

[Event "Early-Titled-Tuesday-Blitz-April-23-2024"]
[Site "Chess.com"]
[Date "2024.04.23"]
[Round "7"]
[White "Bilan_Danila"]
[Black "RianKapriaga"]
[Result "1-0"]
[WhiteElo "2552"]
[BlackElo "2315"]
[TimeControl "180+1"]
[EndTime "9:20:37 PDT"]
[Termination "Bilan_Danila won on time"]

1. d4 Nf6 2. Nf3 d5 3. c4 e6 4. Nc3 Be7 5. Bg5 h6 6. Bh4 O-O 7. e3 Nbd7 8. Bd3 a6 9. c5 b6 10.
b4 a5 11. a3 axb4 12. axb4 Rxa1 13. Qxa1 bxc5 14. bxc5 e5 15. c6 e4 16. cxd7 Bxd7 17. Bxf6 Bxf6 18. Nxd5 exd3 19. Nxf6+ Qxf6 20. O-O Bg4 21.
Nd2 Be2 22. Rc1 Rc8 23. Qc3 h5 24. Nc4 h4 25. Ne5 h3 26. Nxd3 hxg2 27. Nf4 Bf3 28. Qc5 c6 29. d5 g6 30. Qd4 Qd6 31. dxc6 Rxc6 32. Ra1 Qxd4 33. exd4 Rc4 34. Nxg2 Rxd4 35. Ne3 Kg7 36. h3 Rd2 37. Rc1 f5 38. Rc2 Rd4 39. Kh2 Kh6 40. Ra2 Kg5 41. Ng2 Rd1 42. Ra3 Be4 43. f3 Bd5 44. h4+ Kf6 45. Kg3 1-0

[Event "Early-Titled-Tuesday-Blitz-April-23-2024"]
[Site "Chess.com"]
[Date "2024.04.23"]
[Round "7"]
[White "vladgoncharov"]
[Black "DvaHrasta"]
[Result "1-0"]
[WhiteElo "2587"]
[BlackElo "2417"]
[TimeControl "180+1"]
[EndTime "9:20:37 PDT"]
[Termination "vladgoncharov won on time"]

1. d4 Nf6 2. c4 e6 3. Nc3 Bb4 4. Qc2 d5 5. cxd5 exd5 6. Bg5 h6 7. Bh4 O-O 8. e3 c5 9. a3 cxd4 10. axb4 dxc3 11. Qxc3 Nbd7 12. Nf3 Qb6 13. Bd3 Ne4 14. Qa3 Qg6 15. O-O Qh5 16. Rad1 Ne5 17. Nxe5 Qxh4 18.
Nf3 Qh5 19. Nd4 Bd7 20. Rc1 Rfc8 21. Qa5 b6 22. Qa6 Rxc1 23. Rxc1 Qh4 24. Bxe4 dxe4 25.
Qb7 Rd8 26. Qxa7 Bh3 27. gxh3 Qxh3 28. Ne2 Qg4+ 29. Ng3 h5 30. Qxb6 Rd2 31. Qb8+ Kh7 32. Qf4 Qxf4 33. exf4 Rxb2 34. Rc4 h4 35. Nxe4 f6 36. h3 Kg6 37. Nc3 Rc2 38. Kg2 Kf5 39.
b5 Rb2 40. Kf3 Rb3 41. Ke3 g5 42. Rc5+ Kg6 43. fxg5 fxg5 44. Kf3 Rb2 45. Ke3 Rb3 46. f4 gxf4+ 47. Kxf4 Rb4+ 48. Ke5 Kg5 49. Ne4+ Kg6 50. Rc6+ Kh5 51. b6 1-0

[Event "Early-Titled-Tuesday-Blitz-April-23-2024"]
[Site "Chess.com"]
[Date "2024.04.23"]
[Round "7"]
[White "Balla_Tamas"]
[Black "HanSchut"]
[Result "1/2-1/2"]
[WhiteElo "2530"]
[BlackElo "2339"]
[TimeControl "180+1"]
[EndTime "9:20:37 PDT"]
[Termination "Game drawn by repetition"]

1. e4 c5 2. c3 g6 3. d4 cxd4 4.
cxd4 d5 5. e5 Nc6 6. Nc3 Nh6 7. h3 Bg7 8. Nf3 O-O 9. Bb5 Bd7 10. O-O a6 11. Bxc6 Bxc6 12. Re1 f6 13. exf6 exf6 14. Bf4 Nf7 15. Qc2 Rc8 16. Re2 Nd6 17.
Rae1 Ne4 18. Nd2 Re8 19. Ndxe4 dxe4 20. Nxe4 Qxd4 21. Nd6 Rxe2 22. Qxe2 Qd5 23. f3 Rd8 24. Qe7 Rf8 25. Kh1 h5 26. b3 g5 27. Bg3 g4 28.
hxg4 hxg4 29. Ne4 gxf3 30. gxf3 Qh5+ 31. Kg2 Re8 32. Nxf6+ Bxf6 33. Qxf6 Rxe1 34. Bxe1 Qg4+ 35. Kf2 Qh3 36. Bc3 Qh2+ 37. Ke3 Qg1+ 38. Kd3 Qb1+ 39.
Kc4 Qf1+ 40. Kc5 Qb5+ 41. Kd6 Qd5+ 42. Kc7 Qd7+ 43. Kb6 Bd5 44. Qh8+ Kf7 45. Qg7+ Ke8 46. Qg6+ Kd8 47. Bf6+ Kc8 48. Qc2+ Bc6 49. Qc5 Qc7+ 50.
Ka7 Qb8+ 51. Kb6 Qc7+ 52. Ka7 Qb8+ 53. Kb6 Qc7+ 1/2-1/2

[Event "Early-Titled-Tuesday-Blitz-April-23-2024"]
[Site "Chess.com"]
[Date "2024.04.23"]
[Round "7"]
[White "ubdip"]
[Black "Statham_01"]
[Result "0-1"]
[WhiteElo "2392"]
[BlackElo "2575"]
[TimeControl "180+1"]
[EndTime "9:20:38 PDT"]
[Termination "Statham_01 won by checkmate"]

1. e4 c5 2. Nf3 d6 3. d4 cxd4 4.
Qxd4 Nf6 5. Be2 Nc6 6. Qe3 g6 7.
O-O Bg7 8. Rd1 O-O 9. h3 Be6 10. c4 Nd7 11. Nc3 a5 12. Rb1 Nc5 13. Nd5 a4 14. b4 axb3 15. axb3 Bxd5 16. exd5 Nb4 17. Bb2 Nc2 18. Qc1 Bxb2 19. Rxb2 Nb4 20. Qh6 f6 21. Nd4 Rf7 22. Bg4 f5 23. Be2 Qf8 24. Qe3 f4 25. Qd2 Nba6 26. Bg4 Nc7 27. Re1 Qg7 28. Kh2 h5 29.
Bd1 Rf6 30. Bc2 Nd7 31. Nf3 Raf8 32. Qe2 e5 33. dxe6 Rxe6 34. Qd2 Rxe1 35. Qxe1 Qxb2 36. Bxg6 Qg7 37. Bxh5 Ne5 38. Qe4 Nxf3+ 39. Bxf3 Ne6 40. Qd5 Qe5 41. Qxb7 Ng5 42. Bd5+ Kh8 43. h4 Nh7 44. Qd7 Nf6 45. Qh3 f3+ 46. g3 Qd4 47. Kg1 Nxd5 48. cxd5 Qd1+ 49. Kh2 Qe2 50. Kg1 Qe1+ 51. Kh2 Qxf2+ 52.
Kh1 Re8 53. Qe6 Qg2# 0-1

[Event "Early-Titled-Tuesday-Blitz-April-23-2024"]
[Site "Chess.com"]
[Date "2024.04.23"]
[Round "7"]
[White "klifus"]
[Black "BenchGM"]
[Result "1-0"]
[WhiteElo "2110"]
[BlackElo "2246"]
[TimeControl "180+1"]
[EndTime "9:20:38 PDT"]
[Termination "klifus won by checkmate"]

1. e4 c5 2. Nf3 e6 3. d3 Nc6 4.
Nbd2 d5 5. g3 Nf6 6. Bg2 d4 7.
O-O e5 8. h3 h6 9. Nh4 Be6 10. a3 Be7 11. f4 exf4 12. gxf4 g5 13. Nf5 gxf4 14. Rxf4 Rg8 15. Nxe7 Qxe7 16. Kh1 O-O-O 17.
Nf3 Nh5 18. Rh4 Ng3+ 19. Kh2 Ne5 20. Rf4 Nxf3+ 21. Qxf3 Rg6 22. Bd2 Rdg8 23. Rg1 Qg5 24. Be1 Nh5 25. Rf5 Bxf5 26. exf5 Rd6 27. Qxb7+ Kd8 28.
Ba5+ Ke8 29. Qb8+ Rd8 30. Qe5+ Qe7 31. Qxe7+ Kxe7 32. Re1+ Kd7 33. Bxd8 Kxd8 34. Bf3 Nf4 35. Re5 Re8 36. Rxe8+ Kxe8 37. Kg3 c4 38. Kxf4 cxd3 39.
cxd3 Ke7 40. Ke4 Kf6 41. Kxd4 Kxf5 42. b4 Kf4 43. b5 Kxf3 44. a4 f5 45. a5 Kg3 46. b6 axb6 47. axb6 f4 48. b7 f3 49. b8=Q+ Kg2 50. Qg8+ Kf1 51. Qg3 f2 52. Ke3 Ke1 53.
Qxf2+ Kd1 54. Qd2# 1-0

[Event "Early-Titled-Tuesday-Blitz-April-23-2024"]
[Site "Chess.com"]
[Date "2024.04.23"]
[Round "7"]
[White "Alexander_Donchenko"]
[Black "AnishOnYoutube"]
[Result "1/2-1/2"]
[WhiteElo "2896"]
[BlackElo "3066"]
[TimeControl "180+1"]
[EndTime "9:20:39 PDT"]
[Termination "Game drawn - insufficient material"]

1. Nf3 d5 2. b3 Nf6 3. Bb2 Bf5 4. g3 c5 5. Bg2 Nc6 6. O-O e6 7. d3 Bd6 8. Nbd2 O-O 9. Re1 Bc7 10. e4 Bg4 11. h3 Bh5 12. c3 dxe4 13. dxe4 Qe7 14. Qc2 Rfd8 15. Rad1 Nd7 16. a4 Nde5 17. Ba3 h6 18. g4 Bg6 19. Nxe5 Nxe5 20. Nf1 Nc6 21. Bc1 Qf6 22. Ne3 Bf4 23. Nc4 h5 24. Bxf4 Qxf4 25. Qc1 Qxc1 26. Rxc1 hxg4 27. hxg4 e5 28. Ne3 Rd2 29. Nd5 f6 30. Red1 Rxd1+ 31. Rxd1 Rd8 32. Kf1 Kf8 33. Ke2 Na5 34. b4 cxb4 35. cxb4 Nc6 36.
Rc1 Rc8 37. Ke3 Bf7 38. f4 exf4+ 39. Kxf4 Be6 40. g5 Kf7 41. gxf6 gxf6 42. b5 Ne5 43.
Rxc8 Bxc8 44. Ke3 Nc4+ 45. Kd4 Nd6 46. Bf3 Be6 47. Bh5+ Kg7 48. Nc7 Bb3 49. a5 Ba4 50.
b6 axb6 51. axb6 Bc6 52. Ne6+ Kg8 53. Nc5 Nc8 54. e5 fxe5+ 55. Kxe5 Nxb6 56. Kd6 Nc4+ 57. Kc7 Ne5 58. Nxb7 Bxb7 59. Kxb7 1/2-1/2

[Event "Early-Titled-Tuesday-Blitz-April-23-2024"]
[Site "Chess.com"]
[Date "2024.04.23"]
[Round "7"]
[White "Seochesspie"]
[Black "Andrey_Klymchuk"]
[Result "1-0"]
[WhiteElo "2899"]
[BlackElo "2691"]
[TimeControl "180+1"]
[EndTime "9:20:40 PDT"]
[Termination "Seochesspie won by resignation"]

1. d4 Nf6 2. c4 c5 3. Nf3 g6 4.
Nc3 Bg7 5. d5 O-O 6. e4 e6 7.
Be2 d6 8. O-O exd5 9. cxd5 a6 10. a4 Bg4 11. Bf4 Bxf3 12. Bxf3 Qe7 13. e5 dxe5 14. d6 Qe6 15. Re1 Nbd7 16. Bxb7 Ra7 17. Bf3 Rb8 18. Qd2 Rb4 19. Be3 Rd4 20. Bxd4 cxd4 21.
Ne4 Nxe4 22. Bxe4 Qxd6 23. Rac1 Nc5 24. Bc2 a5 25. b4 axb4 26. Qxb4 d3 27. Bxd3 Rxa4 28.
Qxc5 Qxd3 29. Qc8+ Bf8 30. Rxe5 Rd4 31. Re8 Qd1+ 32.
Re1 Qd2 33. g3 Rd8 34. Qc2 Qd5 35. Rcd1 Qa8 36. Rxd8 Qxd8 37. Qc4 Qf6 38. Qe4 h5 39. Qe5 Qf3 40. Qe4 Qf6 41. Kg2 Kg7 42. Qe5 Bd6 43. Qxf6+ Kxf6 44. Rd1 Bc5 45. Kf3 Ba7 46. Rd2 Ke6 47.
Ke4 Bb6 48. Rc2 Ba7 49. Rc6+ Kd7 50. Rc2 Ke6 51. Ra2 Bc5 52. h3 Kf6 53. Rc2 Ba7 54.
Rc6+ Kg7 55. f3 Bb8 56. g4 hxg4 57. hxg4 Bg3 58. g5 Kf8 59. f4 Bh4 60. Rc1 Kg7 61.
Kf3 f6 62. Rc7+ Kg8 63. f5 gxf5 64. g6 Bg5 65. Rd7 Kf8 66. Ke2 Kg8 67. Kd3 Bf4 68.
Kd4 Be5+ 69. Kd5 Kf8 70. Ke6 f4 71. Kf5 f3 72. g7+ Ke8 73. Rb7 1-0

[Event "Early-Titled-Tuesday-Blitz-April-23-2024"]
[Site "Chess.com"]
[Date "2024.04.23"]
[Round "7"]
[White "RantomOpening"]
[Black "Aygehovit1992"]
[Result "0-1"]
[WhiteElo "2507"]
[BlackElo "2735"]
[TimeControl "180+1"]
[EndTime "9:20:40 PDT"]
[Termination "Aygehovit1992 won by resignation"]

1. c4 e5 2. Nc3 Nc6 3. Nf3 f5 4. g3 Nf6 5. d4 e4 6. Nh4 Bb4 7. Bg5 h6 8. Bxf6 Qxf6 9. e3 g5 10. Ng2 Bxc3+ 11. bxc3 d6 12. h4 Bd7 13. Be2 O-O-O 14.
Qb3 Na5 15. Qa3 b6 16. c5 dxc5 17. dxc5 Qe7 18. Rb1 Bc6 19. O-O f4 20. Bg4+ Bd7 21.
Be2 Rdg8 22. Qxa5 bxa5 23. Ba6+ Kd8 24. Rb8+ Bc8 25. Rd1+ Ke8 26. Rxc8+ Kf7 27. Bc4+ Kg7 28. Rxg8+ Rxg8 29. Bxg8 Kxg8 30. gxf4 gxh4 31. f5 Qxc5 32. Nxh4 Qxc3 33. Rd8+ Kf7 34. Rd7+ Kf6 35. Kg2 a4 36. Rd8 Qa3 37. Rh8 Qxa2 38. Rxh6+ Kg7 39. Rg6+ Kf7 40.
Rc6 a3 41. Rxc7+ Kf6 42. Rc6+ Kg7 43. Rc7+ Kh6 44. Rc6+ Kh5 45. Kg3 Qg8+ 46. Ng6 a2 47.
Rc1 Kg5 48. Kh2 Qh7+ 49. Kg2 Kxf5 50. Nf4 a1=Q 51. Rxa1 Qg7+ 0-1

[Event "Early-Titled-Tuesday-Blitz-April-23-2024"]
[Site "Chess.com"]
[Date "2024.04.23"]
[Round "7"]
[White "noblerone"]
[Black "JonasEilenberg"]
[Result "1-0"]
[WhiteElo "2530"]
[BlackElo "2736"]
[TimeControl "180+1"]
[EndTime "9:20:44 PDT"]
[Termination "noblerone won by checkmate"]

1. d4 d5 2. c4 e6 3. Nc3 c5 4. cxd5 exd5 5. Nf3 Nf6 6. Bg5 Be6 7. e3 c4 8. a4 Bb4 9. Be2 Nbd7 10. O-O O-O 11. Rc1 h6 12. Bh4 Qa5 13. Bg3 a6 14. h3 Rac8 15.
Ne5 Nxe5 16. dxe5 Bxc3 17. bxc3 Ne4 18. Bf4 Nxc3 19. Qd2 Nxe2+ 20. Qxe2 Bf5 21. Ra1 c3 22. Rfc1 c2 23. Qh5 Bg6 24. Qg4 Rc4 25. e6 fxe6 26.
Qxg6 Rf6 27. Qe8+ Kh7 28. Be5 Rg6 29. g3 Qd2 30. Bf4 d4 31. exd4 Qxf4 32. Qxg6+ Kxg6 33.
gxf4 Kf5 34. Ra2 Rxd4 35. Raxc2 Rxa4 36. Rc7 b5 37. Rxg7 Kxf4 38. Rg6 e5 39. Rxh6 b4 40. Rb6 a5 41. Rc5 e4 42. Kg2 e3 43. fxe3+ Kxe3 44. Re6+ Kd4 45. Rc8 b3 46. Rb6 Ra2+ 47. Kf3 a4 48. h4 Rh2 49. Kg3 Rh1 50. Ra8 Rg1+ 51.
Kf2 Ra1 52. Kg3 Rg1+ 53. Kh2 Ra1 54. h5 Kc3 55. Rc8+ Kb2 56. h6 Rd1 57. h7 Rd2+ 58.
Kh3 Rd3+ 59. Kh4 Rd4+ 60. Kg5 Rd5+ 61. Kg6 a3 62. h8=Q+ Ka2 63. Qh2+ b2 64. Rc2 Ka1 65. Rcxb2 Rd2 66. Qxd2 axb2 67. Qxb2# 1-0

[Event "Early-Titled-Tuesday-Blitz-April-23-2024"]
[Site "Chess.com"]
[Date "2024.04.23"]
[Round "7"]
[White "lupta_robin"]
[Black "Nikolakis2014"]
[Result "1/2-1/2"]
[WhiteElo "2591"]
[BlackElo "2740"]
[TimeControl "180+1"]
[EndTime "9:20:45 PDT"]
[Termination "Game drawn by repetition"]

1. b3 Nf6 2. Bb2 g6 3. Bxf6 exf6 4. c4 d5 5. cxd5 Qxd5 6. Nc3 Qd8 7. g3 c6 8. Bg2 Bg7 9. e3 f5 10. Nf3 O-O 11. d4 c5 12. O-O Nc6 13. Ne2 Re8 14.
Rc1 cxd4 15. Nfxd4 Nxd4 16. Nxd4 Rb8 17. Nb5 Qa5 18.
Nc7 Rf8 19. a4 Be5 20. Qc2 Bd7 21. Rfd1 Bc6 22. Nd5 Kh8 23. Qc5 Qxc5 24. Rxc5 Rbd8 25. Rdc1 Bb2 26. Rd1 Ba3 27. Rc2 Rd6 28. Rcd2 Rfd8 29.
Rd3 a5 30. Nf4 Be4 31. Rxd6 Rxd6 32. Rxd6 Bxd6 33. Bxe4 fxe4 34. Kf1 Kg7 35. Nd5 f5 36. Nb6 Kf6 37. Nc4 Bc7 38. h4 h6 39. Ke2 g5 40.
hxg5+ hxg5 41. Na3 Ke6 42. Nc2 Bb6 43. Kd2 Kd5 44.
Ke2 Bc5 45. Kd2 Ke5 46. Ke2 f4 47. gxf4+ gxf4 48. exf4+ Kxf4 49. Ne1 Ke5 50. Nc2 Kd5 51.
Ke1 Bd6 52. Ke2 Bf4 53. Ke1 Kc5 54. Ke2 Kd5 55. Ke1 b6 56. Ke2 Bg5 57. Ke1 Be7 58. Ke2 Bc5 59. Ke1 Ke5 60. Ke2 Kf4 61. Ne1 Bb4 62. Nc2 Bc5 63. Ne1 Ke5 64. Nc2 Kd5 65. Ke1 Bd4 66. Ke2 Bc5 1/2-1/2

[Event "Early-Titled-Tuesday-Blitz-April-23-2024"]
[Site "Chess.com"]
[Date "2024.04.23"]
[Round "7"]
[White "DenLaz"]
[Black "artin10862"]
[Result "1-0"]
[WhiteElo "3115"]
[BlackElo "2926"]
[TimeControl "180+1"]
[EndTime "9:20:48 PDT"]
[Termination "DenLaz won by resignation"]

1. d4 d5 2. c4 dxc4 3. Nf3 a6 4. e3 Nf6 5. Bxc4 e6 6. O-O c5 7. dxc5 Qxd1 8. Rxd1 Bxc5 9. b3 b6 10. Bb2 Bb7 11.
Nbd2 Nbd7 12. Be2 Ke7 13. Ne1 Rhd8 14. Nd3 Rac8 15. Nc4 Bd5 16. Nxc5 Bxc4 17. Bxc4 Nxc5 18. Kf1 a5 19. Ke2 Rxd1 20. Rxd1 Ne8 21. Ke1 f6 22. f3 Rd8 23. Rxd8 Kxd8 24. Kd2 Nd6 25. Be2 Ke7 26. g4 e5 27. Kc2 Ne6 28. h4 h6 29. h5 Kd7 30. a3 Kc6 31. Bc3 Nb5 32. Bb2 Nbc7 33. Kd2 Nd5 34. Bd3 b5 35. Bc2 Nc5 36.
Ke2 Kb6 37. Bc1 Kc6 38. Bd2 Kb6 39. f4 exf4 40. exf4 Ne6 41. Kf3 Nd4+ 42. Ke4 Nxc2 43. Kxd5 Nxa3 44. Ke6 Nb1 45. Be3+ Kc6 46. Kf7 a4 47.
bxa4 bxa4 48. Kxg7 Kd5 49. Bc1 Nc3 50. Kxh6 Ne2 51.
Bb2 Nxf4 52. Kg7 f5 53. h6 Ne6+ 54. Kf6 Nf8 55. Kxf5 Kd6 56. Ba3+ 1-0

[Event "Early-Titled-Tuesday-Blitz-April-23-2024"]
[Site "Chess.com"]
[Date "2024.04.23"]
[Round "7"]
[White "subham777"]
[Black "H3nriqueTV"]
[Result "0-1"]
[WhiteElo "2526"]
[BlackElo "2322"]
[TimeControl "180+1"]
[EndTime "9:20:48 PDT"]
[Termination "H3nriqueTV won by resignation"]

1. e4 c5 2. Nf3 d6 3. d4 cxd4 4.
Qxd4 Bd7 5. Nc3 Nc6 6. Qd2 g6 7. b3 Bg7 8. Bb2 Nf6 9. O-O-O O-O 10. Kb1 a5 11. a4 Rc8 12. h4 h5 13. Ng5 Nb4 14. f3 d5 15. e5 Nh7 16. Nxh7 Kxh7 17. g4 Bxe5 18. gxh5 d4 19. hxg6+ fxg6 20. h5 Rf4 21.
hxg6+ Kg7 22. Rh7+ Kxg6 23. Qh2 Qf8 24. Qh5+ Kf6 25.
Rh6+ Qxh6 26. Qxh6+ Kf7 27. Bc4+ Rxc4 28. bxc4 dxc3 29.
Bc1 Bf5 30. Bxf4 Bxc2+ 31. Kc1 Bg7 32. Qh5+ Bg6 33. Qxg6+ Kxg6 34. Rg1+ Kf7 35. Be3 Be5 36. Rg4 Ke6 37. Re4 Kf5 38. Rh4 Ke6 39. Rh5 Nd3+ 40. Kc2 Nb4+ 41. Kb3 c2 42. Rh1 Kf5 43. Bd2 c1=Q 44.
Bxc1 Nd3 45. Bd2 Nc5+ 46. Ka3 b6 47. Rh5+ Ke6 48. Rh6+ Bf6 49. Bc3 Nd3 50. Bxf6 exf6 51. Rh5 Ne5 52. Kb3 Nxf3 53. Rb5 Nd4+ 54. Kc3 Nxb5+ 55.
axb5 Kd6 56. Kd4 a4 57. Kc3 Kc5 58. Kd3 f5 59. Ke3 Kxc4 0-1

[Event "Early-Titled-Tuesday-Blitz-April-23-2024"]
[Site "Chess.com"]
[Date "2024.04.23"]
[Round "7"]
[White "TigrVShlyape"]
[Black "Kirill_Klukin"]
[Result "1/2-1/2"]
[WhiteElo "3023"]
[BlackElo "2840"]
[TimeControl "180+1"]
[EndTime "9:20:49 PDT"]
[Termination "Game drawn by repetition"]

1. d4 e6 2. Bf4 f6 3. e4 d5 4. Nd2 c5 5. exd5 Qxd5 6. dxc5 Bxc5 7. Ngf3 Ne7 8. Bc4 Qh5 9. Qe2 e5 10. Be3 Bxe3 11. Qxe3 Nbc6 12. c3 Bf5 13. O-O O-O-O 14. Ne4 Qg4 15. Rfe1 Nd5 16. Bxd5 Rxd5 17. Nc5 Rhd8 18. h3 Qc4 19. Nb3 Qd3 20. Qxd3 Bxd3 21. Red1 Bc2 22. Rxd5 Rxd5 23. Ne1 Bxb3 24. axb3 Rd2 25.
Rb1 Na5 26. Nf3 Rc2 27. Ne1 Rd2 28. Nf3 Rd7 29. b4 Nc4 30. b3 Nd2 31. Nxd2 Rxd2 32. b5 Kc7 33. c4 Kb6 34. Ra1 Rc2 35. g3 e4 36. g4 g6 37. Kf1 f5 38. gxf5 gxf5 39. h4 h5 40. Ra3 a5 41. bxa6 bxa6 42. Ra4 a5 43. b4 axb4 44. Rxb4+ Kc5 45. Rb5+ Kd4 46. Rxf5 Rxc4 47. Kg2 Rc2 48. Kg3 Rc1 49. Rxh5 Rg1+ 50. Kh2 Rg4 51. Rh8 Kd3 52. h5 Ke2 53. Kh3 Rg1 54. Re8 Kf3 55. Rf8+ Ke2 56. Kh4 Rg2 57.
h6 Rh2+ 58. Kg5 Rg2+ 59. Kh5 Rh2+ 60. Kg6 Rg2+ 61. Kh5 Rh2+ 62. Kg5 Rg2+ 63. Kh5 1/2-1/2